Map: Persephone LE

Players

Classic

  • Race: Protoss Protoss
  • Spawn Location: 7:00

VITmaru (Maru) - Winner!

  • Race: Terran Terran
  • Spawn Location: 11:00

Event: DreamHack Dallas 2025

VOD

Have the link to the VOD?

Description

Time

  • Played on: May 25, 2025, 3:12 p.m.
  • Length: 8:51

All games in this series

Show
View Real Time Build Order
Export as new Build Order

Classic Protoss 

Build Orders: 1 Gate Expand, Oracle Opening 

Get SALT Encoding   

  12  0:00  Probe  
  13  0:12  Probe  
  14  0:17  Pylon  
  14  0:24  Probe  
  15  0:32  Probe  
  15  0:35  Gateway  
  15  0:40  Probe  
  16  0:45  Assimilator  
  17  0:51  Probe  
  18  1:03  Probe  
  20  1:22  Cybernetics Core, Zealot  
  21  1:34  Nexus  
  21  1:41  Pylon  
  21  1:44  Probe  
  22  1:50  Adept, Assimilator  
  22  1:56  Probe  
  25  2:04  Warp Gate  
  25  2:08  Stalker, Probe  
  26  2:20  Probe  
  29  2:33  Probe  
  30  2:40  Stargate  
  30  2:46  Stalker, Probe  
  30  2:49  Probe  
  34  2:54  Probe  
  35  3:01  Probe  
  35  3:04  Probe  
  36  3:07  Gateway  
  37  3:16  Probe  
  37  3:17  Oracle  
  38  3:22  Probe  
  37  3:28  Probe  
  37  3:32  Pylon  
  41  3:34  Probe  
  41  3:40  Probe  
  43  3:42  Twilight Council  
  43  3:46  Shield Battery  
  43  3:48  Gateway  
  43  3:52  Shield Battery  
  43  3:57  Stalker  
  43  3:58  Probe  
  43  3:59  Probe  
  47  4:05  Stalker  
  47  4:09  Blink, Assimilator  
  49  4:13  Probe, Pylon  
  49  4:14  Probe  
  51  4:25  Probe  
  51  4:26  Probe  
  53  4:40  Nexus  
  53  4:43  Pylon  
  53  4:44  Probe  
  54  4:49  Sentry  
  54  4:51  Stalker  
  58  4:56  Stalker  
  60  5:01  Probe x2  
  60  5:04  Forge  
  62  5:13  Probe x2  
  64  5:14  Gateway  
  64  5:21  Gateway  
  64  5:22  Gateway  
  64  5:25  Probe x2  
  64  5:27  Sentry  
  68  5:30  Protoss Ground Weapons Level 1  
  68  5:33  Gateway  
  68  5:35  Gateway  
  68  5:38  Pylon  
  68  5:46  Probe x2  
  70  5:54  Stalker x2  
  70  5:56  Stalker, Charge  
  76  6:01  Probe x2  
  78  6:04  Probe  
  79  6:17  Zealot x3  
  79  6:18  Probe x3  
  88  6:26  Pylon  
  88  6:27  Pylon  
  88  6:29  Zealot x2  
  92  6:38  Pylon  
  92  6:40  Pylon  
  92  6:46  Zealot x6  
  104  6:49  Zealot x2  
  104  6:54  Pylon  
  108  6:56  Probe  
  108  6:57  Probe x2  
  111  7:02  Pylon  
  107  7:10  Zealot x6  
  119  7:17  Stalker x2  
  123  7:34  Zealot  
  123  7:35  Zealot x5  
  135  7:37  Robotics Facility  
  135  7:40  Pylon x2  
  135  7:48  Zealot  
  135  7:49  Zealot  
  129  8:02  Zealot x6  
  115  8:12  Zealot x2  
  105  8:24  Zealot x6  
  97  8:33  Zealot x2  
Show
View Real Time Build Order
Export as new Build Order

VITmaru Terran - Winner!

Build Orders: Cyclone Opening 

Get SALT Encoding   

  12  0:00  SCV  
  13  0:12  SCV  
  14  0:17  Supply Depot  
  14  0:24  SCV  
  15  0:39  SCV  
  15  0:40  Barracks  
  16  0:43  Refinery  
  16  0:51  SCV  
  17  1:03  SCV  
  18  1:15  SCV  
  19  1:27  Orbital Command  
  20  1:35  Command Center  
  20  1:38  Marine  
  20  1:49  Factory  
  20  1:53  SCV  
  21  1:57  Barracks Tech Lab  
  21  2:03  Refinery  
  21  2:05  SCV  
  22  2:10  Supply Depot  
  22  2:17  SCV  
  23  2:31  SCV  
  23  2:33  Marine  
  25  2:38  Cyclone  
  25  2:42  Supply Depot  
  28  2:45  SCV  
  28  2:47  Starport  
  29  2:56  Barracks Reactor  
  29  2:58  SCV  
  30  3:10  SCV  
  34  3:22  SCV  
  34  3:27  Orbital Command  
  34  3:30  Starport Tech Lab  
  34  3:32  Marine x2  
  36  3:35  SCV  
  37  3:47  SCV  
  35  3:50  Marine x2, Raven  
  35  3:52  Siege Tank  
  35  3:53  Barracks, SCV  
  43  3:58  Supply Depot  
  43  3:59  SCV  
  44  4:03  Barracks  
  44  4:05  SCV  
  44  4:08  Marine  
  44  4:09  Marine  
  47  4:11  SCV  
  47  4:13  Engineering Bay  
  48  4:17  SCV  
  48  4:21  Refinery  
  48  4:23  SCV  
  50  4:30  SCV  
  51  4:33  Marine x2  
  51  4:35  SCV  
  54  4:39  Terran Infantry Weapons Level 1  
  54  4:40  Supply Depot  
  54  4:42  SCV  
  55  4:45  Marine  
  55  4:46  Stimpack  
  55  4:47  SCV  
  55  4:50  Marine, Supply Depot  
  55  4:51  Marine  
  59  4:53  Factory Reactor  
  59  4:54  Starport Reactor, SCV  
  59  4:56  Marine  
  61  5:01  SCV  
  61  5:02  Supply Depot  
  61  5:03  Combat Shield  
  61  5:05  Marine  
  63  5:09  SCV  
  63  5:12  Supply Depot  
  63  5:13  Marine, SCV  
  63  5:14  Marine  
  67  5:20  Marauder  
  69  5:23  Marauder  
  69  5:24  SCV  
  69  5:25  SCV  
  73  5:29  Supply Depot  
  73  5:31  Medivac x2  
  73  5:32  Marine  
  73  5:33  Marine  
  79  5:37  Widow Mine  
  79  5:38  Widow Mine  
  79  5:40  Refinery  
  83  5:44  Supply Depot  
  83  5:47  Marauder  
  83  5:48  Marauder  
  87  5:50  SCV  
  87  5:51  SCV  
  87  5:54  Marine x2  
  91  6:03  Widow Mine x2  
  95  6:07  Medivac  
  95  6:08  Marauder  
  95  6:09  Marauder  
  101  6:14  Marine x2  
  98  6:26  Concussive Shells  
  98  6:28  Widow Mine x2  
  98  6:29  Marine  
  98  6:30  Marine  
  98  6:32  Marine x2  
  100  6:38  SCV x2  
  102  6:45  Medivac  
  103  6:48  Marauder x2  
  103  6:49  Marine  
  103  6:50  SCV x2  
  109  6:56  Marine  
  110  7:04  Widow Mine x2  
  110  7:07  Marine  
  115  7:09  Marauder  
  115  7:14  Marine, Supply Depot  
  118  7:27  Medivac x2, Marauder, Widow Mine  
  126  7:35  Marine x2  
  126  7:36  Marauder  
  129  7:49  Marauder  
  129  7:53  Marine x2  
  129  7:57  Marauder  
  108  8:10  Marauder  
  108  8:11  Marine x2  
  102  8:18  Marine  
  93  8:29  Marine x2  
Tags
 
Add a new tag
Caveats
  • Supply blocks, unpowered buildings, or Contaminate may cause inaccurate times.
  • Supply counts are checked every 10 seconds.